 Dungeon Sprint DCSS version 0.18-a0-1041-gbe91bf5 (webtiles) character file.

2856 M4edhros the Spry (level 13, -5/98 HPs)
             Began as an Octopode Artificer on Jan 11, 2016.
             Was the Champion of Pakellas.
             Slain by a golden dragon simulacrum (11 damage)
             ... in the Dungeon (Sprint VI: "Thunderdome").
             The game lasted 00:20:40 (2011 turns).

M4edhros the Spry (Octopode Artificer)              Turns: 2011, Time: 00:20:40

Health: -5/98      AC:  5    Str: 14    XL:     13   Next: 66%
Magic:  18/23      EV: 30    Int: 27    God:    Pakellas [******]
Gold:   218        SH: 22    Dex: 27    Spells: 0 memorised, 12 levels left

rFire  + + .     SeeInvis +     N - +0 quick blade
rCold  + + +     Gourm    .     J - +5 large shield of Kleptomania {Int+4}
rNeg   + + +     Faith    +     K - +0 hat of the Louse {rF+ Dex+5 SInv} (curse)
rPois  +         Spirit   .     z - amulet of Sazets {Faith +Inv MR+ MP-9 Int+3}
rElec  +         Dismiss  .     s - ring of Uggerese {rElec rF+ rN+ Str-2 Int+3}
rCorr  .         Reflect  .     r - ring "Urei" {Ice rElec rN+ Int-4 Slay+6}
SustAt .         Harm     .     p - ring "Nisus" {AC+3 Str+3}
MR     ++...     Clarity  +     q - ring "Kuotocre" {rPois MP+9 Dex+4}
Stlth  +++++++++. NoTele   +    w - ring "Begh" {rC+ Slay+4 SInv}
                                C - ring "Xecets" {Fragile +Fly rC+ rN+ Slay+2}
                                F - ring of Xom's Delight {rPois rF+ MR+ Int+4 Dex+4}
                                G - ring of Music {*Corrode rPois EV-2 Int+2 Slay+2} (curse)

@: very resistant to hostile enchantments, incredibly stealthy
A: almost no armour, amphibious, 8 rings, constrict 8, molten scales 1,
camouflage 1, clarity, clumsy 1, cold resistance 2, deterioration 1, low mp 1,
strong 1, gelatinous body 1, no device heal 1
a: Quick Charge, Device Surge, Renounce Religion, Evoke Invisibility, Evoke
Flight
}: 2/15 runes: serpentine, gossamer


You were in the Dungeon.
You worshipped Pakellas.
Pakellas was exalted by your worship.
You were near starving.

You visited 1 branch You collected 2530 gold pieces.
You spent 2312 gold pieces at shops.

Inventory:

Hand Weapons
 a - a +0 short sword
 u - a +0 scythe
 y - a +0 great sword
 B - a +3 dagger of venom
 H - a +3 long sword
 I - a +0 short sword of venom
 N - a +0 quick blade (weapon)
Missiles
 A - 7 stones (quivered)
Armour
 J - the +5 large shield of Kleptomania (worn) {Int+4}
   (You bought it in a shop in the Dungeon)

   It affects your intelligence (+4).
 K - the cursed +0 hat of the Louse (worn) {rF+ Dex+5 SInv}
   (You bought it in a shop in the Dungeon)

   It affects your dexterity (+5).
   It protects you from fire.
   It lets you see invisible.
   It has a curse placed upon it.
Rods
 x - a +10 rod of inaccuracy (18/18)
   (Pakellas gifted it to you in the Dungeon)
Jewellery
 p - the ring "Nisus" (on tentacle) {AC+3 Str+3}
   (You bought it in a shop in the Dungeon)

   [ring of protection]

   It affects your AC (+3).
   It affects your strength (+3).
 q - the ring "Kuotocre" (on tentacle) {rPois MP+9 Dex+4}
   (You bought it in a shop in the Dungeon)

   [ring of poison resistance]

   It affects your dexterity (+4).
   It protects you from poison.
   It affects your magic capacity (+9).
 r - the ring "Urei" (right tentacle) {Ice rElec rN+ Int-4 Slay+6}
   (You bought it in a shop in the Dungeon)

   [ring of ice]

   It enhances your ice magic, and weakens your fire magic.
   It affects your intelligence (-4).
   It affects your accuracy and damage with ranged weapons and melee attacks
   (+6).
   It makes you vulnerable to fire.
   It protects you from cold.
   It insulates you from electricity.
   It protects you from negative energy.
 s - the ring of Uggerese (left tentacle) {rElec rF+ rN+ Str-2 Int+3}
   (You bought it in a shop in the Dungeon)

   [ring of positive energy]

   It affects your strength (-2).
   It affects your intelligence (+3).
   It protects you from fire.
   It insulates you from electricity.
   It protects you from negative energy.
 v - the amulet of Cufus {+Rage MR+ Str+3}
   (You bought it in a shop in the Dungeon)

   [amulet of rage]

   It affects your strength (+3).
   It affects your resistance to hostile enchantments.
   It lets you go berserk.
 w - the ring "Begh" (on tentacle) {rC+ Slay+4 SInv}
   (You bought it in a shop in the Dungeon)

   [ring of see invisible]

   It affects your accuracy and damage with ranged weapons and melee attacks
   (+4).
   It protects you from cold.
   It lets you see invisible.
 z - the amulet of Sazets (around mantle) {Faith +Inv MR+ MP-9 Int+3}
   (You bought it in a shop in the Dungeon)

   [amulet of faith]

   It allows you to gain divine favour quickly.
   It affects your intelligence (+3).
   It affects your resistance to hostile enchantments.
   It affects your magic capacity (-9).
   It lets you turn invisible.
 C - the ring "Xecets" (on tentacle) {Fragile +Fly rC+ rN+ Slay+2}
   (You bought it in a shop in the Dungeon)

   [ring of slaying]

   It affects your accuracy and damage with ranged weapons and melee attacks
   (+2).
   It protects you from cold.
   It protects you from negative energy.
   It lets you fly.
   It will be destroyed if unequipped.
 F - the ring of Xom's Delight (on tentacle) {rPois rF+ MR+ Int+4 Dex+4}
   (You bought it in a shop in the Dungeon)

   [ring of protection from fire]

   It affects your intelligence (+4).
   It affects your dexterity (+4).
   It protects you from fire.
   It protects you from poison.
   It affects your resistance to hostile enchantments.
 G - the cursed ring of Music (on tentacle) {*Corrode rPois EV-2 Int+2 Slay+2}
   (You bought it in a shop in the Dungeon)

   [ring of evasion]

   It affects your evasion (-2).
   It affects your intelligence (+2).
   It affects your accuracy and damage with ranged weapons and melee attacks
   (+2).
   It protects you from poison.
   It may corrode your equipment when you take damage.
   It has a curse placed upon it.
Wands
 b - a wand of flame (14/48)
 c - a wand of enslavement (13/24)
 d - a wand of random effects (9/48)
 m - a wand of cold (5/15)
 n - a wand of fire (0/15)
 t - a wand of disintegration (16/24)
 D - a wand of hasting (5/9)
 E - a wand of heal wounds (4/9)
Scrolls
 k - 4 scrolls of blinking
 o - 3 scrolls of fog
Potions
 e - a potion of curing
 g - 4 potions of heal wounds
 h - 3 potions of haste
 i - 2 potions of magic
 j - a potion of berserk rage
 l - a potion of resistance
Miscellaneous
 M - a stone of tremors
Comestibles
 f - a bread ration


   Skills:
 + Level 12.3 Fighting
 - Level 1.5 Short Blades
 + Level 19.0 Dodging
 + Level 16.5 Stealth
 * Level 8.8 Shields
 * Level 18.8 Evocations


You had 12 spell levels left.
You didn't know any spells.

Dungeon Overview and Level Annotations

Branches:
Dungeon (1/1)

Altars:
Cheibriados
Dithmenos
Fedhas
Gozag
Kikubaaqudgha
Makhleb
Okawaru
Pakellas
Qazlal
Ru
Sif Muna
Trog
Vehumet
Xom
Yredelemnul
Zin
The Shining One
Jiyva
Lugonu

Shops:
D *[%??*?*:[((!!!!


Innate Abilities, Weirdness & Mutations

You cannot wear most types of armour.
You are amphibious.
You can wear up to eight rings at the same time.
You can use your tentacles to constrict eight enemies at once.
Your skin changes colour to match your surroundings (Stealth).
Your rubbery body absorbs attacks (AC +1).
You are partially covered in molten scales (AC +1).
You possess an exceptional clarity of mind.
You are clumsy. (Dex -2)
Your flesh is very cold resistant.
Your body sometimes deteriorates upon taking damage.
Your magical capacity is low (-10% MP).
Your muscles are strong. (Str +2)
Potions and wands are less effective at restoring your health.


Message History

You hit the golden dragon simulacrum but do no damage.
The golden dragon simulacrum bites you!
* * * LOW HITPOINT WARNING * * *
The golden dragon simulacrum freezes you.
You resist.
* * * LOW HITPOINT WARNING * * *
You block the golden dragon simulacrum's attack.
The golden dragon simulacrum misses you.
Evoke which item? (* to show all) (? for menu, Esc to quit)
Zapping:
E - a wand of heal wounds (5/9)
Press: ? - help, Shift-Dir - straight line, f - you You feel much better.
This wand has 4 charges left.
The golden dragon simulacrum bites you!!
* * * LOW HITPOINT WARNING * * *
The golden dragon simulacrum freezes you!
You resist.
* * * LOW HITPOINT WARNING * * *
You block the golden dragon simulacrum's attack.
The golden dragon simulacrum tramples you!
You die...

#∩..[....∩# #_........#
#_......._# #........_#
###.........###
#⌠......)....⌠#
#.8.......).8.######
......###......_._∩##
....8.# #.8..)..@..∩###
......###...)...÷Z....##
...###...###.)...[....⌠#
...# #.<.# #..........⌠#
...###..[###..=.).....⌠#
......###....[[.......##
....8.# #.8........∩###
......###.....[___∩##
#.8%...[....8.######


You could see a golden dragon simulacrum.

Vanquished Creatures
  An anaconda (D)
  3 orb spiders (D)
  3 wolf spiders (D)
  18 deep elf magi (D)
  7 ugly things (D)
  A kobold demonologist (D)
  A golden dragon simulacrum (D)
  3 jumping spiders (D)
  3 stone giant simulacra (D)
  Sigmund (D)
  4 redbacks (D)
  5 wraiths (D)
  2 tarantellas (D)
  A hydra simulacrum (D)
  3 ice beasts (D)
  2 big kobolds (D)
  A wight (D)
  A hound (D)
  2 adders (D)
  A quokka (D)
  3 ball pythons (D)
  A bat (D)
  2 kobolds (D)
  A rat (D)
70 creatures vanquished.

Vanquished Creatures (collateral kills)
  A naga warrior (D)
  A salamander (D)
2 creatures vanquished.

Grand Total: 72 creatures vanquished

Notes
Turn   | Place    | Note
--------------------------------------------------------------
     0 | D        | M4edhros the Octopode Artificer began the quest for the Orb.
     0 | D        | Reached XP level 1. HP: 13/13 MP: 3/3
     3 | D        | Found a snail-covered altar of Cheibriados.
     4 | D        | Found a sacrificial altar of Ru.
     4 | D        | Found an iron altar of Okawaru.
     5 | D        | Found an oddly glowing altar of Pakellas.
     5 | D        | Found a blossoming altar of Fedhas.
     5 | D        | Round 1.
     6 | D        | Found Wousait's Bee Food.
     6 | D        | Found a glowing golden altar of the Shining One.
     6 | D        | Found Tufisay's Identification Station.
     7 | D        | Found Nitamup's Jewellery.
     7 | D        | Found Kanoyni's Advanced Armour.
    13 | D        | Became a worshipper of Pakellas the Inventive
    16 | D        | Bought a steaming ivory ring for 45 gold pieces
    16 | D        | Bought a transparent wooden ring for 45 gold pieces
    16 | D        | Bought a warped amber ring for 45 gold pieces
    16 | D        | Bought a transparent brass ring for 45 gold pieces
    16 | D        | Identified the ring of Uggerese {rElec rF+ rN+ Str-2 Int+3} (You bought it in a shop in the Dungeon)
    17 | D        | Identified the ring "Urei" {Ice rElec rN+ Int-4 Slay+6} (You bought it in a shop in the Dungeon)
    18 | D        | Identified the ring "Nisus" {AC+3 Str+3} (You bought it in a shop in the Dungeon)
    19 | D        | Identified the ring "Kuotocre" {rPois MP+9 Dex+4} (You bought it in a shop in the Dungeon)
    23 | D        | Reached skill level 4 in Evocations
    26 | D        | Found a shadowy altar of Dithmenos.
    27 | D        | Found Xale's Magic Scroll Shop.
    28 | D        | Found Moem's Magic Scroll Shop.
    28 | D        | Found Akobe's Must-Have Magic.
    33 | D        | Reached * piety under Pakellas
    34 | D        | Found a deep blue altar of Sif Muna.
    34 | D        | Found a shimmering altar of Xom.
    34 | D        | Found Uxzizib's Staff Store.
    38 | D        | Found a stormy altar of Qazlal.
    40 | D        | Found a burning altar of Makhleb.
    41 | D        | Found Acuutini's Distillery.
    42 | D        | Noticed a hound
    42 | D        | Found Weahomua's Distillery.
    42 | D        | Found Detileun's Bottled Wisdom.
    42 | D        | Found a viscous altar of Jiyva.
    42 | D        | Found a radiant altar of Vehumet.
    42 | D        | Found an opulent altar of Gozag.
    42 | D        | Found Tufisay's Do-It-Yourself Clinic.
    54 | D        | Found a glowing silver altar of Zin.
    55 | D        | Found a basalt altar of Yredelemnul.
    56 | D        | Found an ancient bone altar of Kikubaaqudgha.
    57 | D        | Found a corrupted altar of Lugonu.
    57 | D        | Found a bloodstained altar of Trog.
    57 | D        | Found Mytoez's Weapon Rack.
    57 | D        | Found Faonurgh's Premium Goods.
    58 | D        | Found Meab's Basic Armour.
    58 | D        | Found Zuduujif's Miscellaneous Merchandise.
    68 | D        | Killed a hound
    68 | D        | Reached skill level 6 in Evocations
    68 | D        | Reached XP level 2. HP: 18/18 MP: 4/6
    68 | D        | Reached XP level 3. HP: 23/23 MP: 4/7
   125 | D        | Noticed Sigmund
   135 | D        | Killed Sigmund
   135 | D        | Reached ** piety under Pakellas
   135 | D        | Received a gift from Pakellas
   135 | D        | Arena points: 12 (+12) [x2]
   135 | D        | Reached skill level 5 in Stealth
   135 | D        | Reached skill level 8 in Evocations
   135 | D        | Reached XP level 4. HP: 25/33 MP: 5/10
   135 | D        | Reached XP level 5. HP: 28/37 MP: 5/11
   164 | D        | Round 2.
   237 | D        | Reached *** piety under Pakellas
   252 | D        | Reached skill level 9 in Evocations
   283 | D        | Arena points: 48 (+36) [x3]
   300 | D        | Bought a smoking lapis lazuli ring for 45 gold pieces
   300 | D        | Bought a wavering garnet amulet for 45 gold pieces
   300 | D        | Identified the ring "Begh" {rC+ Slay+4 SInv} (You bought it in a shop in the Dungeon)
   301 | D        | Identified the amulet of the Final Decision {Inacc Int+3} (You bought it in a shop in the Dungeon)
   350 | D        | Round 3.
   353 | D        | Noticed a wraith
   360 | D        | Killed a wraith
   360 | D        | Reached **** piety under Pakellas
   360 | D        | Received a gift from Pakellas
   360 | D        | Reached skill level 5 in Fighting
   360 | D        | Reached skill level 10 in Evocations
   360 | D        | Reached XP level 6. HP: 36/45 MP: 5/13
   382 | D        | Noticed a wraith
   383 | D        | Identified a +6 rod of inaccuracy (10/10) (Pakellas gifted it to you in the Dungeon)
   384 | D        | Killed a wraith
   384 | D        | Reached XP level 7. HP: 39/51 MP: 6/15
   391 | D        | Noticed a wraith
   409 | D        | Killed a wraith
   409 | D        | Reached skill level 11 in Evocations
   412 | D        | Noticed a wraith
   438 | D        | Killed a wraith
   438 | D        | Reached XP level 8. HP: 22/58 MP: 4/16
   439 | D        | Noticed a wraith
   460 | D        | Killed a wraith
   460 | D        | Arena points: 132 (+84) [x4]
   460 | D        | Reached skill level 10 in Dodging
   460 | D        | Reached skill level 12 in Evocations
   470 | D        | Bought a coiled copper amulet for 45 gold pieces
   470 | D        | Bought a brightly glowing brass amulet for 45 gold pieces
   470 | D        | Identified the amulet of Cufus {+Rage MR+ Str+3} (You bought it in a shop in the Dungeon)
   472 | D        | Identified the amulet of Sazets {Faith +Inv MR+ MP-9 Int+3} (You bought it in a shop in the Dungeon)
   502 | D        | Round 4.
   546 | D        | Reached ***** piety under Pakellas
   615 | D        | Noticed a kobold demonologist
   632 | D        | Killed a kobold demonologist
   632 | D        | Reached skill level 10 in Stealth
   660 | D        | Arena points: 156 (+24) [x1]
   671 | D        | Bought a warped pewter ring for 45 gold pieces
   671 | D        | Identified the ring "Xecets" {Fragile +Fly rC+ rN+ Slay+2} (You bought it in a shop in the Dungeon)
   676 | D        | Round 5.
   687 | D        | Noticed a giant anaconda
   716 | D        | Noticed a salamander
   718 | D        | Noticed a naga warrior
   723 | D        | Killed a salamander
   723 | D        | Reached ****** piety under Pakellas
   723 | D        | Reached skill level 13 in Evocations
   730 | D        | Killed a naga warrior
   730 | D        | Reached XP level 9. HP: 64/66 MP: 0/19
   736 | D        | Killed a giant anaconda
   736 | D        | Arena points: 276 (+120) [x3]
   737 | D        | Got a serpentine rune of Zot
   738 | D        | Reached skill level 14 in Dodging
   738 | D        | Reached XP level 10. HP: 70/72 MP: 1/20
   794 | D        | Bought a scorched platinum ring for 45 gold pieces
   794 | D        | Bought a smoking copper ring for 45 gold pieces
   794 | D        | Identified the ring of Xom's Delight {rPois rF+ MR+ Int+4 Dex+4} (You bought it in a shop in the Dungeon)
   795 | D        | Identified the cursed ring of Music {*Corrode rPois EV-2 Int+2 Slay+2} (You bought it in a shop in the Dungeon)
   929 | D        | Round 6.
   930 | D        | Noticed a brown ugly thing
   932 | D        | Noticed a white ugly thing
   933 | D        | Noticed a brown ugly thing
   937 | D        | Killed a brown ugly thing
   937 | D        | Reached skill level 15 in Dodging
   942 | D        | Killed a white ugly thing
   945 | D        | Killed a brown ugly thing
   949 | D        | Gained mutation: Your flesh is cold resistant. [mutagenic meat]
   950 | D        | Gained mutation: You are clumsy. (Dex -2) [mutagenic meat]
   951 | D        | Gained mutation: Your magical capacity is low (-10% MP). [mutagenic meat]
   977 | D        | Noticed a red ugly thing
   980 | D        | Noticed a green ugly thing
   990 | D        | Killed a red ugly thing
   990 | D        | Reached skill level 16 in Dodging
   993 | D        | Killed a green ugly thing
   997 | D        | Gained mutation: Your body sometimes deteriorates upon taking damage. [mutagenic meat]
   998 | D        | Gained mutation: Potions and wands are less effective at restoring your health. [mutagenic meat]
  1002 | D        | Gained mutation: Your muscles are strong. (Str +2) [mutagenic meat]
  1018 | D        | Noticed a purple ugly thing
  1026 | D        | Killed a red ugly thing
  1026 | D        | Received a gift from Pakellas
  1026 | D        | Reached skill level 15 in Evocations
  1029 | D        | Noticed a green ugly thing
  1038 | D        | Killed a brown ugly thing
  1038 | D        | Arena points: 468 (+192) [x4]
  1038 | D        | Reached XP level 11. HP: 64/80 MP: 18/20
  1045 | D        | Gained mutation: You are partially covered in molten scales (AC +1). [mutagenic meat]
  1046 | D        | Gained mutation: You possess an exceptional clarity of mind. [mutagenic meat]
  1047 | D        | Gained mutation: Your flesh is very cold resistant. [mutagenic meat]
  1073 | D        | Bought 3 scrolls of recharging for 285 gold pieces
  1106 | D        | Round 7.
  1112 | D        | Noticed a deep elf mage
  1129 | D        | Killed a deep elf mage
  1129 | D        | Reached skill level 17 in Dodging
  1135 | D        | Noticed a deep elf mage
  1141 | D        | Killed a deep elf mage
  1152 | D        | Noticed a deep elf mage
  1163 | D        | Noticed a deep elf mage
  1163 | D        | Killed a deep elf mage
  1163 | D        | Reached skill level 10 in Fighting
  1169 | D        | Killed a deep elf mage
  1177 | D        | Noticed a deep elf mage
  1180 | D        | Killed a deep elf mage
  1205 | D        | Noticed a deep elf mage
  1211 | D        | Killed a deep elf mage
  1222 | D        | Noticed a deep elf mage
  1222 | D        | Noticed a deep elf mage
  1228 | D        | Killed a deep elf mage
  1244 | D        | Killed a deep elf mage
  1244 | D        | Arena points: 783 (+315) [x5]
  1302 | D        | Round 8.
  1340 | D        | Noticed an orb spider
  1350 | D        | Killed an orb spider
  1350 | D        | Reached skill level 18 in Dodging
  1394 | D        | Noticed an orb spider
  1400 | D        | Killed an orb spider
  1400 | D        | Received a gift from Pakellas
  1409 | D        | Noticed an orb spider
  1420 | D        | Killed an orb spider
  1468 | D        | Noticed a wolf spider
  1470 | D        | Killed a wolf spider
  1470 | D        | Arena points: 1263 (+480) [x6]
  1470 | D        | Reached skill level 15 in Stealth
  1486 | D        | Round 9.
  1491 | D        | Bought 3 scrolls of identify for 150 gold pieces
  1494 | D        | Bought a scorched large shield for 332 gold pieces
  1494 | D        | Bought a smoking hat for 315 gold pieces
  1495 | D        | Identified the +5 large shield of Kleptomania {Int+4} (You bought it in a shop in the Dungeon)
  1496 | D        | Identified the cursed +0 hat of the Louse {rF+ Dex+5 SInv} (You bought it in a shop in the Dungeon)
  1500 | D        | Noticed a deep elf mage
  1508 | D        | Killed a deep elf mage
  1518 | D        | Noticed a deep elf mage
  1522 | D        | Noticed a deep elf mage
  1524 | D        | Killed a deep elf mage
  1524 | D        | Reached skill level 1 in Shields
  1524 | D        | Reached XP level 12. HP: 71/90 MP: 15/22
  1579 | D        | Reached skill level 5 in Shields
  1582 | D        | Arena points: 1956 (+693) [x7]
  1601 | D        | Bought 3 scrolls of recharging for 285 gold pieces
  1604 | D        | Identified a +10 rod of inaccuracy (18/18) (supercharged by Pakellas)
  1639 | D        | Round 10.
  1669 | D        | Received a gift from Pakellas
  1683 | D        | Arena points: 2856 (+900) [x9]
  1683 | D        | Reached skill level 19 in Dodging
  1684 | D        | Got a heavily runed copper ring
  1684 | D        | Got a gossamer rune of Zot
  1686 | D        | Identified the ring "Ujukkix" {MR+ SInv} (You found it in the Dungeon)
  1710 | D        | Bought a +0 quick blade for 450 gold pieces
  1722 | D        | Reached XP level 13. HP: 40/97 MP: 8/23
  1872 | D        | Round 11.
  2011 | D        | Slain by a golden dragon simulacrum

Vault maps used:
D:        arena_sprint

Action                   |  1- 3 |  4- 6 |  7- 9 | 10-12 | 13-15 || total
-------------------------+-------+-------+-------+-------+-------++-------
Melee: Short sword       |    13 |     4 |    10 |     4 |       ||    31
       Scythe            |       |    12 |       |       |       ||    12
       Great sword       |       |       |     3 |       |       ||     3
       Dagger            |       |       |       |   115 |       ||   115
       Quick blade       |       |       |       |       |    39 ||    39
Invok: Device Surge      |       |     1 |     3 |     2 |       ||     6
       Quick Charge      |       |       |     1 |     2 |       ||     3
       Supercharge       |       |       |       |     1 |       ||     1
Evoke: Wand              |       |     2 |    15 |     8 |     1 ||    26
       Rod               |       |       |    10 |       |       ||    10
  Use: Potion            |       |       |     1 |     2 |       ||     3
       Scroll            |       |       |       |     9 |       ||     9
 Stab: Distracted        |       |     1 |     1 |     3 |     2 ||     7
  Eat: Chunk             |       |       |       |    14 |       ||    14
